 Dungeon Crawl Stone Soup version 0.28-a0-533-g9f97627e2a (webtiles) character file.

Game seed: 660082719900169564

11384 Johnny the Thaumaturge (level 11, -7/73 HPs)
             Began as a Deep Elf Earth Elementalist on Sept 25, 2021.
             Was an Elder of Dithmenos.
             Mangled by Snorg (14 damage)
             ... on level 1 of the Orcish Mines on Sept 26, 2021.
             The game lasted 00:17:51 (16375 turns).

Johnny the Thaumaturge (DEEE)                      Turns: 16375, Time: 00:17:51

Health: -7/73      AC: 12    Str:  5    XL:     11   Next: 48%
Magic:  3/29       EV: 16    Int: 24    God:    Dithmenos [****..]
Gold:   1314       SH:  0    Dex: 15    Spells: 21/34 levels left

rFire   . . .      SeeInvis .   l - staff of earth
rCold   . . .      Faith    .   (no shield)
rNeg    + . .      Spirit   .   D - +1 robe {Will+}
rPois   .          Reflect  .   (no helmet)
rElec   .          Harm     .   e - +0 cloak
rCorr   .          Rampage  .   N - +0 pair of gloves
Will    +++++      Clarity  +   P - +2 pair of boots {Stlth+}
Stlth   ++++......              b - amulet of the Four Winds {rN+ Will+++ Clar}
HPRegen 0.22/turn               F - +4 ring of protection
MPRegen 0.21/turn               G - +4 ring of evasion

@: wreathed by umbra
A: no striking features
a: Renounce Religion, Shadow Step


You were on level 1 of the Orcish Mines.
You worshipped Dithmenos.
Dithmenos was greatly pleased with you.
You visited 3 branches of the dungeon, and saw 14 of its levels.

You collected 2621 gold pieces.
You spent 1307 gold pieces at shops.

Inventory:

Hand Weapons
 h - a +1 hand axe of venom
Missiles
 c - 207 stones
Armour
 e - a +0 cloak (worn)
 D - a +1 robe of willpower (worn)
 N - a +0 pair of gloves (worn)
 P - a +2 pair of boots of stealth (worn)
Magical Staves
 l - a staff of earth (weapon)
 E - a staff of air
Jewellery
 b - the amulet of the Four Winds (around neck) {rN+ Will+++ Clar}
   (You bought it in a shop on level 3 of the Dungeon)

   [amulet of nothing]

   rN:        It protects you from negative energy.
   Clar:      It protects you against confusion.
   Will:      It greatly increases your willpower.
 v - a ring of flight
 w - a ring of protection from cold
 B - an amulet of guardian spirit
 F - a +4 ring of protection (left hand)
 G - a +4 ring of evasion (right hand)
 I - a ring of protection from cold
 M - an amulet of magic regeneration
Wands
 J - a wand of polymorph (10)
 L - a wand of mindburst (5)
Scrolls
 a - 6 scrolls of magic mapping
 g - a scroll of enchant armour {unknown}
 k - 2 scrolls of amnesia
 o - 2 scrolls of enchant weapon
 s - 2 scrolls of fog
 x - a scroll of silence {unknown}
 y - 8 scrolls of teleportation {unknown}
 A - a scroll of fear
 C - 2 scrolls of noise
 K - a scroll of blinking {unknown}
 O - 2 scrolls of torment {unknown}
Potions
 d - 4 potions of lignification
 f - 5 potions of curing
 i - 6 potions of heal wounds
 j - 2 potions of cancellation
 n - 2 potions of degeneration
 p - 3 potions of might
 q - a potion of ambrosia {unknown}
 r - 3 potions of magic {unknown}
 t - a potion of invisibility {unknown}
 u - a potion of haste {unknown}
 z - 2 potions of brilliance {unknown}
 H - a potion of mutation {unknown}


   Skills:
 * Level 10.9 Fighting
 - Level 2.4 Dodging
 - Level 2.4 Stealth
 + Level 12.3 Spellcasting
 - Level 1.1 Transmutations
 + Level 10.6 Earth Magic


You had 21 spell levels left.
You knew the following spells:

 Your Spells              Type           Power      Damage    Failure   Level
a - Sandblast             Erth           100%       2d20      1%          1
b - Stone Arrow           Conj/Erth      100%       3d13      1%          3
c - Petrify               Tmut/Erth      59%        N/A       3%          4
d - Borgnjor's Vile Clut  Necr/Erth      28%        N/A       13%         5

Your spell library contained the following spells:

 Spells                   Type           Power      Damage    Failure   Level
 Passwall                 Tmut/Erth      49%        N/A       1%          2
 Wereblood                Tmut           20%        N/A       4%          2
 Corpse Rot               Necr/Air       N/A        N/A       6%          2
 Poisonous Vapours        Pois/Air       28%        N/A       6%          2
 Slow                     Hex            14%        N/A       6%          2
 Sublimation of Blood     Necr           7%         N/A       6%          2
 Confusing Touch          Hex            14%        N/A       12%         3
 Portal Projectile        Hex/Tloc       28%        N/A       12%         3
 Vampiric Draining        Necr           7%         2d7       12%         3
 Animate Dead             Necr           7%         N/A       38%         4
 Blade Hands              Tmut           10%        N/A       58%         5
 Excruciating Wounds      Necr           7%         N/A       75%         5
 Death Channel            Necr           7%         N/A       99%         6
 Summon Hydra             Summ           7%         N/A       100%        7
 Borgnjor's Revivificati  Necr           7%         N/A       100%        8
 Necromutation            Tmut/Necr      8%         N/A       100%        8
 Death's Door             Necr           7%         N/A       100%        9


Dungeon Overview and Level Annotations

Branches:
Dungeon (12/15)            Temple (1/1) D:4            Lair (0/6) D:8
    Orc (1/2) D:12

Altars:
Ashenzari
Cheibriados
Dithmenos
Fedhas
Gozag
Hepliaklqana
Kikubaaqudgha
Makhleb
Nemelex Xobeh
Okawaru
Qazlal
Ru
Sif Muna
Trog
Uskayaw
Vehumet
Wu Jian
Xom
Yredelemnul
Zin
The Shining One

Shops:
D:2 :*(   D:3 =   D:12 [

Annotations:
Orc:1 Snorg


Message History

Aim: Snorg (heavily wounded, berserk, umbra, 78% to hit)
You feel a surge of power!
The stone arrow hits Snorg!!
Snorg is severely wounded.
Snorg bites you. Snorg claws you but does no damage. Snorg claws you.
Casting: Stone Arrow (safe; 1% risk of failure)
Confirm with . or Enter, or press ? or * to list all spells.
Aiming: Sandblast (safe; 1% risk of failure)
Press: ? - help, Shift-Dir - straight line, f/p - Snorg
Aim: Snorg (severely wounded, berserk, umbra, 84% to hit)
You feel a surge of power!
The blast of sand hits Snorg!!
Snorg is almost dead.
Snorg bites you!! Snorg claws you! Snorg closely misses you.
Casting: Sandblast (safe; 1% risk of failure)
Confirm with . or Enter, or press ? or * to list all spells.
Aiming: Sandblast (safe; 1% risk of failure)
Press: ? - help, Shift-Dir - straight line, f/p - Snorg
Aim: Snorg (almost dead, berserk, umbra, 84% to hit)
You feel a surge of power!
The blast of sand hits Snorg!!
Snorg is almost dead.
Snorg closely misses you. x2; Snorg misses you.
Snorg barely misses you. Snorg claws you! Snorg barely misses you.
As you read the scroll of summoning, it crumbles to dust.
Wisps of shadow whirl around you... Snorg bites you but does no damage.
Snorg claws you!
* * * LOW HITPOINT WARNING * * *
Snorg claws you!
* * * LOW HITPOINT WARNING * * *
Snorg bites you but does no damage. Snorg misses you. Snorg claws you!
* * * LOW HITPOINT WARNING * * *
You swap places.
Snorg bites your ogre! Snorg claws your ogre! Snorg claws your ogre.
Your ogre dies!
Your ogre's corpse dissolves into shadows!
Your ogre hits Snorg with a +0 giant club.
Your orc complains repeatedly.
Your orc warrior barely misses Snorg.
You feel much better. Snorg bites you!!
* * * LOW HITPOINT WARNING * * *
Snorg claws you!
You die...

#.....<.##
#.........###
##..........##
#...........# ###
##..........##..##
##..............#
.#..............#
..........$.....#
.......@..........
#......T^#.#....#.
....>$...###......
.......Ooo..>.....
.#......))).......
#....#.o$.......
#....###........
##.## ##....... ##
.......


You could see Snorg (berserk, ally target), a friendly orc warrior (summoned), a
friendly ogre (summoned) and 2 friendly orcs.

Vanquished Creatures
  3 two-headed ogres
  A necromancer (D:11)
  2 gargoyles (D:11)
  2 komodo dragons (D:12)
  2 trolls
  Prince Ribbit (D:5)
  2 slime creatures (D:12)
  2 wyverns
  A yak (D:7)
  2 shadows
  A warg (D:7)
  2 acid dragons (D:11)
  3 orc warriors
  2 ice beasts (D:6)
  A hornet zombie (D:7)
  A black bear (D:5)
  2 necrophages
  11 centaurs
  2 phantoms
  4 kobold brigands
  7 bullfrogs
  4 scorpions
  2 wyvern zombies
  2 wyvern skeletons
  21 killer bees
  13 wights
  2 howler monkeys
  2 centaur zombies
  3 bullfrog zombies
  2 hounds
  A jelly (D:5)
  3 centaur skeletons
  11 orc priests
  Jessica (D:2)
  8 orc wizards
  4 iguanas
  A killer bee zombie (D:8)
  2 polar bear simulacra (D:11)
  2 wolf simulacra (D:11)
  3 yak simulacra (D:11)
  A hound skeleton (D:5)
  A howler monkey skeleton (D:4)
  8 adders
  2 shadow imps
  A white imp (D:4)
  3 dart slugs
  36 orcs
  4 ball pythons
  8 endoplasms
  A giant cockroach (D:3)
  8 goblins
  2 hobgoblins (D:2)
  6 jackals
  31 kobolds
  5 quokkas
  4 bats
  6 frilled lizards
  5 rats
  4 river rat simulacra (D:11)
277 creatures vanquished.

Vanquished Creatures (collateral kills)
  A steam dragon (D:8)
1 creature vanquished.

Vanquished Creatures (others)
  4 plants (D:5)
4 creatures vanquished.

Grand Total: 282 creatures vanquished

Notes
Turn   | Place    | Note
-------+----------+-------------------------------------------
     0 | D:1      | Johnny the Deep Elf Earth Elementalist began the quest for
                  | the Orb.
     0 | D:1      | Reached XP level 1. HP: 10/10 MP: 6/6
   754 | D:1      | Reached XP level 2. HP: 16/16 MP: 6/8
  1001 | D:1      | Reached skill level 1 in Fighting
  1482 | D:2      | Found Ysirot's General Store.
  1489 | D:2      | Bought a potion of curing for 33 gold pieces
  1603 | D:2      | Reached XP level 3. HP: 20/20 MP: 10/10
  1689 | D:2      | Noticed Jessica
  1694 | D:2      | Killed Jessica
  1837 | D:2      | Found a faded altar of an unknown god.
  1882 | D:2      | Reached XP level 4. HP: 15/26 MP: 9/11
  2129 | D:2      | Reached skill level 4 in Spellcasting
  2281 | D:2      | Found Lutsei Kase's Antique Weapon Shoppe.
  2322 | D:2      | Found Rytirchu's Book Shop.
  3390 | D:3      | Found Kehuu's Jewellery Shoppe.
  3404 | D:3      | Learned a level 3 spell: Stone Arrow
  3430 | D:3      | Reached XP level 5. HP: 31/31 MP: 11/13
  4652 | D:4      | Reached XP level 6. HP: 34/37 MP: 12/15
  4708 | D:4      | Reached skill level 5 in Spellcasting
  4768 | D:4      | Found a staircase to the Ecumenical Temple.
  4780 | Temple   | Entered the Ecumenical Temple
  4883 | Temple   | Became a worshipper of Dithmenos the Shadowed
  5453 | D:4      | Reached skill level 5 in Earth Magic
  6102 | D:5      | Entered Level 5 of the Dungeon
  6280 | D:5      | Reached XP level 7. HP: 38/43 MP: 7/17
  6463 | D:5      | Reached * piety under Dithmenos
  6967 | D:5      | Reached skill level 6 in Spellcasting
  7020 | D:5      | Noticed Prince Ribbit
  7026 | D:5      | Killed Prince Ribbit
  7027 | D:5      | Reached skill level 5 in Fighting
  7413 | D:5      | Reached XP level 8. HP: 50/50 MP: 13/20
  7517 | D:5      | Reached skill level 7 in Spellcasting
  8280 | D:6      | Reached skill level 8 in Spellcasting
  8574 | D:6      | Reached XP level 9. HP: 56/56 MP: 13/23
  9085 | D:6      | Found a glowing golden altar of the Shining One.
  9457 | D:7      | Reached ** piety under Dithmenos
  9673 | D:7      | Reached skill level 9 in Spellcasting
 10767 | D:8      | Reached XP level 10. HP: 59/65 MP: 15/25
 10796 | D:8      | Identified a scroll of acquirement
 10797 | D:8      | Acquired 1131 gold pieces
 10898 | D:3      | Bought the amulet of the Four Winds {rN+ Will+++ Clar} for
                  | 482 gold pieces
 10898 | D:3      | Found the amulet of the Four Winds {rN+ Will+++ Clar}
 10898 | D:3      | Bought a +4 ring of protection for 396 gold pieces
 10898 | D:3      | Bought a +4 ring of evasion for 396 gold pieces
 11011 | D:8      | Reached skill level 10 in Spellcasting
 11462 | D:8      | Found a staircase to the Lair.
 11552 | D:8      | Learned a level 4 spell: Petrify
 11558 | D:8      | Learned a level 5 spell: Borgnjor's Vile Clutch
 11604 | D:8      | Noticed a death knight
 12244 | D:9      | Reached *** piety under Dithmenos
 12671 | D:9      | Acquired 766 gold pieces
 12782 | D:10     | Entered Level 10 of the Dungeon
 12924 | D:10     | Noticed a two-headed ogre
 12929 | D:10     | Killed a two-headed ogre
 12930 | D:10     | Reached skill level 11 in Spellcasting
 13606 | D:10     | Reached skill level 10 in Fighting
 13838 | D:10     | Noticed a wolf spider
 13838 | D:10     | Noticed a cyclops
 13839 | D:10     | Noticed a cyan ugly thing
 13842 | D:10     | Noticed a red ugly thing
 13843 | D:10     | Noticed a red ugly thing
 13844 | D:10     | Noticed a centaur warrior
 13939 | D:11     | Reached **** piety under Dithmenos
 14273 | D:11     | Noticed a gargoyle
 14276 | D:11     | Killed a gargoyle
 14277 | D:11     | Reached skill level 10 in Earth Magic
 14277 | D:11     | Reached XP level 11. HP: 72/72 MP: 24/28
 14311 | D:11     | Noticed a two-headed ogre
 14314 | D:11     | Killed a two-headed ogre
 14448 | D:11     | Noticed a necromancer
 14454 | D:11     | Killed a necromancer
 14879 | D:11     | Noticed a two-headed ogre
 14885 | D:11     | Killed a two-headed ogre
 14886 | D:11     | Reached skill level 12 in Spellcasting
 15214 | D:12     | Found a staircase to the Orcish Mines.
 15216 | D:12     | Found Jaafie's Armour Boutique.
 15287 | D:12     | Noticed a six-headed hydra
 15322 | D:12     | Acquired a +2 pair of boots of stealth
 16349 | Orc:1    | Entered Level 1 of the Orcish Mines
 16361 | Orc:1    | Noticed Snorg
 16375 | Orc:1    | Mangled by Snorg

Illustrated notes

Levels and vault maps discovered:
D:1:      mrwooster_arrival_statue_3, layout_loops_corners,
          kennysheep_small_spiral
D:2:      layout_basic, serial_shops, nicolae_shop_stone, shop, shop_fountains,
          shapermc_ecumenical_altar_ellora, minmay_tromino_mix6, uniq_jessica
D:3:      layout_basic, serial_shops, shop, chequers_mini_garden
D:4:      layout_basic, minmay_temple_entry_antechambers
D:5:      layout_layer_cave, minmay_misc_feat_nine_boxes, serial_bayou_lake_a,
          uniq_prince_ribbit1
D:6:      layout_gridville, nicolae_tso_carved_into_rock
D:7:      kennysheep_six_static_rooms, layout_cave_pools
D:8:      layout_layer_cave, erik_lair_orcish_takeover
D:9:      layout_roguey
D:10:     layout_basic, onia_ninara_dug_in_and_dangerous
D:11:     layout_rooms, eino_house_with_fridge
D:12:     layout_loops_ring, orc_david_3
Temple:   compressed_dpeg_circular_temple
Orc:1:    layout_caves, minmay_orc_temple_b, uniq_snorg

Skill      XL: |  1  2  3  4  5  6  7  8  9 10 11 |
---------------+----------------------------------+-----
Fighting       | 1 2 3 4 5 6 8 10 | 10.9
Spellcasting   | 4 5 6 8 9 11 12 | 12.3
Earth Magic    | 4 5 6 7 8 10 | 10.6
Dodging        | |  2.4
Stealth        | |  2.4
Transmutations | |  1.1

Action                   |  1- 3 |  4- 6 |  7- 9 | 10-12 || total
-------------------------+-------+-------+-------+-------++-------
Melee: Unarmed           |     6 |       |       |       ||     6
       Dagger            |    36 |   106 |       |       ||   142
       Staff             |       |    12 |     2 |     5 ||    19
 Cast: Sandblast         |    20 |    61 |    37 |    91 ||   209
       Stone Arrow       |       |    28 |    99 |   104 ||   231
       Borgnjor's Vile C |       |       |       |    10 ||    10
Evoke: Wand              |       |     1 |     3 |     8 ||    12
  Use: Scroll            |       |     4 |     2 |    13 ||    19
       Potion            |       |       |       |     2 ||     2
 Stab: Sleeping          |     2 |     1 |       |       ||     3
       Paralysed         |       |     4 |       |       ||     4
Armor: Robe              |    10 |    36 |    18 |    22 ||    86
Dodge: Dodged            |    26 |   107 |    47 |    83 ||   263

Table legend: (Time is in decaauts)
 A = Elapsed time spent in this place.
 B = Non-inter-level travel time spent in this place.
 C = Inter-level travel time spent in this place.
 D = Time resting spent in this place.
 E = Time spent auto-exploring this place.
 F = Levels seen in this place.
 G = Mean time per level.
                   A        B        C        D        E       F      G
               +--------+--------+--------+--------+--------+-----+--------+
         Total |  16422 |  15806 |    616 |   3538 |  10275 |  14 | 1173.0 |
       Dungeon |  16283 |  15684 |    599 |   3538 |  10198 |  12 | 1356.9 |
        Temple |    113 |     96 |     17 |      0 |     75 |   1 |  113.0 |
  Orcish Mines |     25 |     25 |      0 |      0 |      2 |   1 |   25.0 |
               +--------+--------+--------+--------+--------+-----+--------+

Top non-repeatable levels by time:
     D:5: 1885 daAuts
     D:3: 1723 daAuts
     D:2: 1546 daAuts
     D:6: 1476 daAuts
     D:4: 1436 daAuts
     D:7: 1431 daAuts
     D:1: 1371 daAuts
     D:9: 1347 daAuts
    D:12: 1315 daAuts
    D:11: 1166 daAuts
     D:8: 862 daAuts
    D:10: 719 daAuts
  Temple: 113 daAuts
   Orc:1: 25 daAuts
